TOP OF THE 1ST |
Arkansas Travelers batting - Pitching for Chattanooga Lookouts : RHP Matt Springer
|
Pitching: RHP Matt Springer
|
|
Batting: RHB Jasper Burd
|
0-0: Called Strike 0-1: Ball 1-1: Ball 2-1: SINGLE (Groundball, 15, EV 80.6 MPH) (infield hit)
|
Batting: SHB Mario Padron
|
0-0: Ball 1-0: Ball 2-0: Foul Ball, location: 2F 2-1: Ball 3-1: Called Strike 3-2: Strikes out swinging
|
Batting: LHB Matt Calitri
|
0-0: Foul Ball, location: 2F 0-1: Foul Ball, location: 2F 0-2: Foul Ball, location: 2F 0-2: Grounds into double play, 5-4-3 (Groundball, 56, EV 88.1 MPH)
|
Top of the 1st over - 0 runs, 1 hit, 0 errors, 0 left on base; Arkansas 0 - Chattanooga 0 |
BOTTOM OF THE 1ST |
Chattanooga Lookouts batting - Pitching for Arkansas Travelers : RHP Mike Tallerico
|
Pitching: RHP Mike Tallerico
|
|
Batting: LHB Kozo Kanamori
|
0-0: Called Strike 0-1: Ball 1-1: Ball 2-1: Called Strike 2-2: Strikes out swinging
|
Batting: RHB Ruben Martinez
|
0-0: Ball 1-0: Called Strike 1-1: Ball 2-1: Swinging Strike 2-2: Strikes out swinging
|
Batting: LHB Matt Robertson
|
0-0: Called Strike 0-1: Fly out, F9 (Flyball, 89S, EV 86.3 MPH)
|
Bottom of the 1st over - 0 runs, 0 hits, 0 errors, 0 left on base; Arkansas 0 - Chattanooga 0 |
TOP OF THE 2ND |
Arkansas Travelers batting - Pitching for Chattanooga Lookouts : RHP Matt Springer
|
Batting: RHB Melvin Gomez
|
0-0: Ball 1-0: Ball 2-0: Called Strike 2-1: Fly out, F9 (Flyball, 9, EV 98.1 MPH)
|
Batting: LHB Barrfhionn O'Toole
|
0-0: Ball 1-0: Fly out, F8 (Line Drive, 8LM, EV 105.0 MPH)
|
Batting: RHB Oren Jones
|
0-0: Called Strike 0-1: SINGLE (Groundball, 6S, EV 65.6 MPH) (infield hit)
|
Batting: LHB Tyler Meier
|
0-0: Foul Ball, location: 2F 0-1: Foul Ball, location: 2F 0-2: Ball 1-2: Ball 2-2: Ball 3-2: Foul Ball, location: 2F 3-2: Base on Balls Oren Jones to second
|
Batting: RHB David Young
|
0-0: Ball 1-0: Ball 2-0: Fly out, F9 (Line Drive, 9, EV 104.4 MPH)
|
Top of the 2nd over - 0 runs, 1 hit, 0 errors, 2 left on base; Arkansas 0 - Chattanooga 0 |
BOTTOM OF THE 2ND |
Chattanooga Lookouts batting - Pitching for Arkansas Travelers : RHP Mike Tallerico
|
Batting: RHB Isaiah Easter
|
0-0: Foul Ball, location: 2F 0-1: Called Strike 0-2: Ball 1-2: Fly out, F6 (Flyball, 6MD, EV 86.3 MPH)
|
Batting: RHB Justin Allison
|
0-0: Ball 1-0: Ground out 1-3 (Groundball, 13S, EV 76.3 MPH)
|
Batting: RHB Bobby Paredes
|
0-0: Fly out, F7 (Flyball, 7LM, EV 92.5 MPH)
|
Bottom of the 2nd over - 0 runs, 0 hits, 0 errors, 0 left on base; Arkansas 0 - Chattanooga 0 |
TOP OF THE 3RD |
Arkansas Travelers batting - Pitching for Chattanooga Lookouts : RHP Matt Springer
|
Batting: RHB Roberto Martinez
|
0-0: Ground out 4-3 (Groundball, 4, EV 79.4 MPH)
|
Batting: RHB Jasper Burd
|
0-0: Swinging Strike 0-1: Swinging Strike 0-2: Ground out 5-3 (Groundball, 56, EV 100.6 MPH)
|
Batting: SHB Mario Padron
|
0-0: Foul Ball, location: 2F 0-1: Ball 1-1: Foul Ball, location: 2F 1-2: Strikes out swinging
|
Top of the 3rd over - 0 runs, 0 hits, 0 errors, 0 left on base; Arkansas 0 - Chattanooga 0 |
BOTTOM OF THE 3RD |
Chattanooga Lookouts batting - Pitching for Arkansas Travelers : RHP Mike Tallerico
|
Batting: RHB Miguel Verduzco
|
0-0: Swinging Strike 0-1: SINGLE (Line Drive, 78M, EV 106.9 MPH)
|
Batting: RHB Francisque Regras
|
0-0: Ball 1-0: Ball 2-0: Called Strike 2-1: Called Strike 2-2: Strikes out looking
|
Batting: RHB Ben Droge
|
0-0: Ball 1-0: Swinging Strike 1-1: Called Strike 1-2: Foul Ball, location: 2F 1-2: Strikes out swinging
|
Batting: LHB Kozo Kanamori
|
0-0: Called Strike 0-1: Foul Ball, location: 2F 0-2: Foul Ball, location: 2F 0-2: Foul Ball, location: 2F 0-2: Strikes out swinging
|
Bottom of the 3rd over - 0 runs, 1 hit, 0 errors, 1 left on base; Arkansas 0 - Chattanooga 0 |
TOP OF THE 4TH |
Arkansas Travelers batting - Pitching for Chattanooga Lookouts : RHP Matt Springer
|
Batting: LHB Matt Calitri
|
0-0: Ball 1-0: Called Strike 1-1: Ground out 4-3 (Groundball, 34, EV 96.9 MPH)
|
Batting: RHB Melvin Gomez
|
0-0: Ball 1-0: Ground out 3-1 (Groundball, 34, EV 84.4 MPH)
|
Batting: LHB Barrfhionn O'Toole
|
0-0: Ball 1-0: Ball 2-0: Foul Ball, location: 2F 2-1: Ground out 4-3 (Groundball, 4, EV 105.0 MPH)
|
Top of the 4th over - 0 runs, 0 hits, 0 errors, 0 left on base; Arkansas 0 - Chattanooga 0 |
BOTTOM OF THE 4TH |
Chattanooga Lookouts batting - Pitching for Arkansas Travelers : RHP Mike Tallerico
|
Batting: RHB Ruben Martinez
|
0-0: Ball 1-0: Ball 2-0: Called Strike 2-1: SINGLE (Line Drive, 5D, EV 107.5 MPH)
|
Batting: LHB Matt Robertson
|
0-0: Swinging Strike 0-1: Foul Ball, location: 2F 0-2: Strikes out swinging
|
Batting: RHB Isaiah Easter
|
0-0: Called Strike 0-1: Called Strike 0-2: Ball 1-2: Strikes out swinging
|
Batting: RHB Justin Allison
|
0-0: Ball 1-0: Ground out 5-3 (Groundball, 5S, EV 76.3 MPH)
|
Bottom of the 4th over - 0 runs, 1 hit, 0 errors, 1 left on base; Arkansas 0 - Chattanooga 0 |
TOP OF THE 5TH |
Arkansas Travelers batting - Pitching for Chattanooga Lookouts : RHP Matt Springer
|
Batting: RHB Oren Jones
|
0-0: Ball 1-0: Ball 2-0: Ball 3-0: Called Strike 3-1: Base on Balls
|
Batting: LHB Tyler Meier
|
0-0: Ball 1-0: Called Strike 1-1: Ball 2-1: Grounds out, U3 (Groundball, 3L, EV 88.8 MPH)
|
Batting: RHB David Young
|
0-0: Ball 1-0: Ball 2-0: SINGLE (Flyball, 5D, EV 98.1 MPH) Oren Jones to third
|
Batting: RHB Roberto Martinez
|
0-0: Ball 1-0: Ball 2-0: Called Strike 2-1: Called Strike 2-2: Fielders Choice at 2nd, 6-4 (Groundball, 6, EV 86.3 MPH) Oren Jones scores
|
Batting: RHB Jasper Burd
|
0-0: Foul Ball, location: 2F 0-1: Swinging Strike 0-2: Ground out 1-3 (Groundball, 34S, EV 68.1 MPH)
|
Top of the 5th over - 1 run, 1 hit, 0 errors, 1 left on base; Arkansas 1 - Chattanooga 0 |
BOTTOM OF THE 5TH |
Chattanooga Lookouts batting - Pitching for Arkansas Travelers : RHP Mike Tallerico
|
Batting: RHB Bobby Paredes
|
0-0: Foul Ball, location: 2F 0-1: Foul Ball, location: 2F 0-2: Ball 1-2: SINGLE (Flyball, 8RS, EV 88.1 MPH)
|
Pitching: RHP Erick Vazquez
|
|
Batting: RHB Miguel Verduzco
|
0-0: Foul Ball, location: 2F 0-1: Swinging Strike 0-2: Ball 1-2: Ball 2-2: Foul Ball, location: 2F 2-2: Strikes out swinging
|
Pinch Hitting: LHB Armando Rendon
|
0-0: Ball 1-0: Ball 2-0: Called Strike 2-1: Ball 3-1: Foul Ball, location: 2F 3-2: Strikes out swinging
|
Batting: RHB Ben Droge
|
0-0: Ground out 5-3 (Groundball, 56, EV 102.5 MPH)
|
Bottom of the 5th over - 0 runs, 1 hit, 0 errors, 1 left on base; Arkansas 1 - Chattanooga 0 |
TOP OF THE 6TH |
Arkansas Travelers batting - Pitching for Chattanooga Lookouts : RHP Matt Springer
|
Now at 2B: Bobby Paredes
|
|
Now at 3B: Armando Rendon
|
|
Batting: SHB Mario Padron
|
0-0: Ball 1-0: Called Strike 1-1: Foul Ball, location: 2F 1-2: DOUBLE (Flyball, 8RXD, EV 93.1 MPH)
|
Batting: LHB Matt Calitri
|
0-0: Ball 1-0: Swinging Strike 1-1: Called Strike 1-2: Foul Ball, location: 2F 1-2: Strikes out swinging
|
Batting: RHB Melvin Gomez
|
0-0: Ball 1-0: Ball Mario Padron steals 3rd, throwing error, E2 Mario Padron scores 2-0: Ball 3-0: Called Strike 3-1: Swinging Strike 3-2: Base on Balls
|
Batting: LHB Barrfhionn O'Toole
|
0-0: Foul Ball, location: 2F 0-1: Ball 1-1: Ball Melvin Gomez is caught stealing 2nd base 2-6 2-1: Ground out 1-3 (Groundball, 13S, EV 68.8 MPH)
|
Top of the 6th over - 1 run, 1 hit, 1 error, 0 left on base; Arkansas 2 - Chattanooga 0 |
BOTTOM OF THE 6TH |
Chattanooga Lookouts batting - Pitching for Arkansas Travelers : RHP Erick Vazquez
|
Batting: LHB Kozo Kanamori
|
0-0: Foul Ball, location: 2F 0-1: Called Strike 0-2: Ball 1-2: Strikes out swinging
|
Batting: RHB Ruben Martinez
|
0-0: Ball 1-0: Called Strike 1-1: Ground out 4-3 (Groundball, P, EV 88.1 MPH)
|
Batting: LHB Matt Robertson
|
0-0: Ball 1-0: Called Strike 1-1: Called Strike 1-2: Ball 2-2: Strikes out swinging
|
Bottom of the 6th over - 0 runs, 0 hits, 0 errors, 0 left on base; Arkansas 2 - Chattanooga 0 |
TOP OF THE 7TH |
Arkansas Travelers batting - Pitching for Chattanooga Lookouts : RHP Matt Springer
|
Batting: RHB Oren Jones
|
0-0: Swinging Strike 0-1: Foul Ball, location: 2F 0-2: Strikes out swinging
|
Batting: LHB Tyler Meier
|
0-0: Ball 1-0: Ball 2-0: Called Strike 2-1: Called Strike 2-2: Foul Ball, location: 2F 2-2: Foul Ball, location: 2F 2-2: Foul Ball, location: 2F 2-2: Fly out, F5 (Popup, 5S, EV 69.4 MPH)
|
Batting: RHB David Young
|
0-0: Ball 1-0: Ball 2-0: Ball 3-0: Base on Balls
|
Pitching: LHP Craig Anderson
|
|
Batting: RHB Roberto Martinez
|
0-0: Ball 1-0: SINGLE (Groundball, 56D, EV 102.5 MPH) David Young to second
|
Batting: RHB Jasper Burd
|
0-0: Foul Ball, location: 2F 0-1: Ball 1-1: Ball 2-1: Ball 3-1: Swinging Strike 3-2: Foul Ball, location: 2F 3-2: SINGLE (Groundball, 6D, EV 97.5 MPH) David Young to third Roberto Martinez to second David Young scores Roberto Martinez to third
|
Batting: SHB Mario Padron
|
0-0: Ball 1-0: Called Strike 1-1: Foul Ball, location: 2F 1-2: Foul Ball, location: 2F 1-2: SINGLE (Groundball, 25, EV 61.3 MPH) (infield hit) Roberto Martinez scores Jasper Burd to second
|
Batting: LHB Matt Calitri
|
0-0: Ball Jasper Burd steals 3rd base 1-0: Ball 2-0: Foul Ball, location: 2F 2-1: Called Strike 2-2: Fly out, F7 (Flyball, 7D, EV 96.9 MPH)
|
Top of the 7th over - 2 runs, 3 hits, 0 errors, 2 left on base; Arkansas 4 - Chattanooga 0 |
BOTTOM OF THE 7TH |
Chattanooga Lookouts batting - Pitching for Arkansas Travelers : RHP Erick Vazquez
|
Pitching: RHP Eric Cunningham
|
|
Batting: RHB Isaiah Easter
|
0-0: Ball 1-0: Called Strike 1-1: Swinging Strike 1-2: Foul Ball, location: 2F 1-2: Foul Ball, location: 2F 1-2: Ball 2-2: Strikes out looking
|
Batting: RHB Justin Allison
|
0-0: Ball 1-0: Ball 2-0: Called Strike 2-1: Foul Ball, location: 2F 2-2: Ball 3-2: Foul Ball, location: 2F 3-2: Ground out 4-3 (Groundball, 4, EV 85.6 MPH)
|
Batting: RHB Bobby Paredes
|
0-0: DOUBLE (Line Drive, 7LM, EV 96.3 MPH)
|
Batting: RHB Miguel Verduzco
|
0-0: Called Strike 0-1: SINGLE (Groundball, 6MD, EV 103.8 MPH) Bobby Paredes to third
|
Batting: LHB Armando Rendon
|
0-0: Ball 1-0: Ball 2-0: DOUBLE (Line Drive, 89M, EV 110.0 MPH) Bobby Paredes scores Miguel Verduzco to third Runner from 3rd tries for Home, SAFE, no throw by CF
|
Pinch Hitting: RHB Masaichi Tokunaga
|
0-0: Ball 1-0: Ball 2-0: Ball 3-0: Base on Balls
|
Batting: LHB Kozo Kanamori
|
0-0: Swinging Strike 0-1: Fly out, F6 (Popup, 6M, EV 70.0 MPH)
|
Bottom of the 7th over - 2 runs, 3 hits, 0 errors, 2 left on base; Arkansas 4 - Chattanooga 2 |
TOP OF THE 8TH |
Arkansas Travelers batting - Pitching for Chattanooga Lookouts : LHP Craig Anderson
|
Now at SS: J.J. Powers
|
|
Batting: RHB Melvin Gomez
|
0-0: Ball 1-0: Called Strike 1-1: Fly out, F4 (Flyball, 34D, EV 85.0 MPH)
|
Batting: LHB Barrfhionn O'Toole
|
0-0: Ground out U3 (Groundball, 3L, EV 85.6 MPH)
|
Batting: RHB Oren Jones
|
0-0: Ball 1-0: Ball 2-0: Fly out, F8 (Flyball, 8LD, EV 106.3 MPH)
|
Top of the 8th over - 0 runs, 0 hits, 0 errors, 0 left on base; Arkansas 4 - Chattanooga 2 |
BOTTOM OF THE 8TH |
Chattanooga Lookouts batting - Pitching for Arkansas Travelers : RHP Eric Cunningham
|
Batting: RHB Ruben Martinez
|
0-0: Foul Ball, location: 2F 0-1: Foul Ball, location: 2F 0-2: Foul Ball, location: 2F 0-2: Ball 1-2: Foul Ball, location: 2F 1-2: Ball 2-2: Strikes out looking
|
Batting: LHB Matt Robertson
|
0-0: Ground out 4-3 (Groundball, 4, EV 85.0 MPH)
|
Batting: RHB Isaiah Easter
|
0-0: Called Strike 0-1: Foul Ball, location: 2F 0-2: Strikes out swinging
|
Bottom of the 8th over - 0 runs, 0 hits, 0 errors, 0 left on base; Arkansas 4 - Chattanooga 2 |
TOP OF THE 9TH |
Arkansas Travelers batting - Pitching for Chattanooga Lookouts : LHP Craig Anderson
|
Pitching: RHP Rich Nunez
|
|
Batting: LHB Tyler Meier
|
0-0: Ball 1-0: Fly out, F7 (Flyball, 78XD, EV 86.9 MPH)
|
Batting: RHB David Young
|
0-0: Foul Ball, location: 2F 0-1: Swinging Strike 0-2: Ball 1-2: Strikes out swinging
|
Batting: RHB Roberto Martinez
|
0-0: Called Strike 0-1: Ball 1-1: Called Strike 1-2: Ball 2-2: Fly out, F9 (Line Drive, 9D, EV 98.8 MPH)
|
Top of the 9th over - 0 runs, 0 hits, 0 errors, 0 left on base; Arkansas 4 - Chattanooga 2 |
BOTTOM OF THE 9TH |
Chattanooga Lookouts batting - Pitching for Arkansas Travelers : RHP Eric Cunningham
|
Pitching: RHP Jason Smallwood
|
|
Batting: RHB Justin Allison
|
0-0: DOUBLE (Flyball, 89D, EV 106.3 MPH)
|
Batting: RHB Bobby Paredes
|
0-0: Ball 1-0: Fly out, F5 (Line Drive, 6, EV 66.9 MPH)
|
Batting: RHB Miguel Verduzco
|
0-0: Foul Ball, location: 2F 0-1: Ball 1-1: Ball 2-1: Ball 3-1: Base on Balls
|
Batting: LHB Armando Rendon
|
0-0: Ball 1-0: Fielders Choice at 2nd, 3-6 (Groundball, 34S, EV 79.4 MPH) Justin Allison to third
|
Batting: RHB J.J. Powers
|
0-0: Ball 1-0: SINGLE (Groundball, 3D, EV 101.3 MPH) Justin Allison scores Armando Rendon to second Runner from 2nd tries for 3rd, SAFE, throw by RF made to third
|
Batting: LHB Kozo Kanamori
|
0-0: Swinging Strike 0-1: SINGLE (Groundball, 3D, EV 97.5 MPH) Armando Rendon scores J.J. Powers to second Runner from 2nd tries for 3rd, SAFE, throw by RF made at trailing runner, OUT! 9-6
|
Bottom of the 9th over - 2 runs, 3 hits, 0 errors, 1 left on base; Arkansas 4 - Chattanooga 4 |
TOP OF THE 10TH |
Arkansas Travelers batting - Pitching for Chattanooga Lookouts : RHP Rich Nunez
|
Pitching: LHP Inkei Wakamatsu
|
|
Batting: RHB Jasper Burd
|
0-0: Called Strike 0-1: Called Strike 0-2: Ball 1-2: Strikes out swinging
|
Batting: SHB Mario Padron
|
0-0: Ball 1-0: Foul Ball, location: 2F 1-1: Fly out, F8 (Flyball, 8RD, EV 96.3 MPH)
|
Batting: LHB Matt Calitri
|
0-0: Swinging Strike 0-1: Foul Ball, location: 2F 0-2: Strikes out swinging
|
Top of the 10th over - 0 runs, 0 hits, 0 errors, 0 left on base; Arkansas 4 - Chattanooga 4 |
BOTTOM OF THE 10TH |
Chattanooga Lookouts batting - Pitching for Arkansas Travelers : RHP Jason Smallwood
|
Batting: RHB Ruben Martinez
|
0-0: Called Strike 0-1: Ball 1-1: Foul Ball, location: 2F 1-2: Foul Ball, location: 2F 1-2: Ball 2-2: Ball 3-2: Strikes out swinging
|
Pitching: RHP Andino Calzaghe
|
|
Batting: LHB Matt Robertson
|
0-0: Called Strike 0-1: Fly out, F7 (Flyball, 7LM, EV 89.4 MPH)
|
Batting: RHB Isaiah Easter
|
0-0: Called Strike 0-1: Ball 1-1: SINGLE (Groundball, 56D, EV 101.3 MPH)
|
Batting: RHB Justin Allison
|
0-0: Ball Isaiah Easter steals 2nd base 1-0: Intentional Walk
|
Batting: RHB Bobby Paredes
|
0-0: Foul Ball, location: 2F 0-1: Called Strike 0-2: Ball 1-2: Foul Ball, location: 2F 1-2: Foul Ball, location: 2F 1-2: Foul Ball, location: 2F 1-2: Fielders Choice at 2nd, 5-4 (Groundball, 56, EV 86.3 MPH)
|
Bottom of the 10th over - 0 runs, 1 hit, 0 errors, 2 left on base; Arkansas 4 - Chattanooga 4 |
TOP OF THE 11TH |
Arkansas Travelers batting - Pitching for Chattanooga Lookouts : LHP Inkei Wakamatsu
|
Batting: RHB Melvin Gomez
|
0-0: Called Strike 0-1: Ball 1-1: Foul Ball, location: 2F 1-2: Ball 2-2: Fly out, F7 (Flyball, 7LS, EV 91.3 MPH)
|
Batting: LHB Barrfhionn O'Toole
|
0-0: Foul Ball, location: 2F 0-1: Ball 1-1: Ball 2-1: Ball 3-1: Called Strike 3-2: Base on Balls
|
Batting: RHB Oren Jones
|
0-0: Ball 1-0: Ball 2-0: 2-RUN HOME RUN (Flyball, 78XD, EV 98.8 MPH), Distance : 408 ft
|
Batting: LHB Tyler Meier
|
0-0: Ball 1-0: Called Strike 1-1: Called Strike 1-2: Strikes out swinging
|
Batting: RHB David Young
|
0-0: Ball 1-0: DOUBLE (Flyball, 8RD, EV 107.5 MPH)
|
Batting: RHB Roberto Martinez
|
0-0: Ball 1-0: Called Strike 1-1: Ball 2-1: Swinging Strike 2-2: Ball 3-2: Strikes out swinging
|
Top of the 11th over - 2 runs, 2 hits, 0 errors, 1 left on base; Arkansas 6 - Chattanooga 4 |
BOTTOM OF THE 11TH |
Chattanooga Lookouts batting - Pitching for Arkansas Travelers : RHP Andino Calzaghe
|
Batting: RHB Miguel Verduzco
|
0-0: SINGLE (Groundball, 6S, EV 70.0 MPH) (infield hit)
|
Batting: LHB Armando Rendon
|
0-0: Foul Ball, location: 2F 0-1: Fielders Choice at 2nd, 4-6 (Groundball, 4, EV 85.0 MPH)
|
Batting: RHB J.J. Powers
|
0-0: Foul Ball, location: 2F 0-1: Fielders Choice at 2nd, 3-6 (Groundball, 34S, EV 82.5 MPH)
|
Pitching: RHP Mike Guidroz
|
|
Batting: LHB Kozo Kanamori
|
0-0: Ball 1-0: Ball 2-0: Called Strike 2-1: Foul Ball, location: 2F 2-2: Fly out, F9 (Flyball, 9D, EV 87.5 MPH)
|
Bottom of the 11th over - 0 runs, 1 hit, 0 errors, 1 left on base; Arkansas 6 - Chattanooga 4 |
|